 Dungeon Crawl Stone Soup version 0.18.1-48-g4cf74bf (webtiles) character file.

8064 TuxedoFelix the Blocker (level 11, -9/82 HPs)
             Began as a Minotaur Fighter on July 23, 2016.
             Was a Follower of Ru.
             Mangled by a 13-headed hydra (13 damage)
             ... on level 1 of the Lair of Beasts.
             The game lasted 01:07:19 (12601 turns).

TuxedoFelix the Blocker (Minotaur Fighter)         Turns: 12601, Time: 01:07:21

Health: -9/82      AC: 11    Str: 24    XL:     11   Next: 5%
Magic:  10/10      EV:  9    Int:  5    God:    Ru [*.....]
Gold:   497        SH: 16    Dex: 10    Spells: 0 memorised, 10 levels left

rFire  . . .     SeeInvis .     v - +2 long sword (holy)
rCold  . . .     Gourm    .     D - +0 plate armour
rNeg   . . .     Faith    .     c - +3 shield
rPois  .         Spirit   .     (helmet restricted)
rElec  .         Dismiss  .     u - +0 cloak
rCorr  .         Reflect  .     (no gloves)
SustAt .         Harm     .     (no boots)
MR     .....                    (no amulet)
Stlth  ..........               (no ring)
                                (no ring)

@: not resistant to hostile enchantments, extremely unstealthy
A: retaliatory headbutt, horns 2, inability to train armour
a: Renounce Religion


You were on level 1 of the Lair of Beasts.
You worshipped Ru.
Ru was aware of your devotion.
You were not hungry.

You visited 3 branches of the dungeon, and saw 11 of its levels.

You collected 497 gold pieces.

Inventory:

Hand Weapons
 a - a +3 war axe
 v - a +2 long sword of holy wrath (weapon)
Missiles
 i - 19 tomahawks (quivered)
 F - 4 steel tomahawks
Armour
 c - a +3 shield (worn)
 u - a +0 cloak (worn)
 D - a +0 plate armour (worn)
Magical Staves
 o - an uncursed staff of energy
Wands
 g - a wand of digging (8/24)
 l - a wand of flame (20/48)
 r - a wand of flame (19/48)
 x - a wand of confusion (35/48)
 B - a wand of acid (5/15)
Scrolls
 p - 5 scrolls of remove curse
 z - a scroll of magic mapping {unknown}
 A - a scroll of identify
Potions
 b - a potion of degeneration {unknown}
 e - a potion of agility
 j - a potion of berserk rage {unknown}
 k - 2 potions of lignification
 m - a potion of cure mutation
 n - 3 potions of flight
 t - a potion of ambrosia {unknown}
Books
 C - a book of Misfortune

   Spells                             Type                      Level
   a - Confusing Touch                Hexes                        2
   b - Confuse                        Hexes                        3
   c - Gell's Gravitas                Hexes/Translocation          3
   d - Petrify                        Transmutation/Earth          4
   e - Metabolic Englaciation         Hexes/Ice                    5
   f - Yara's Violent Unravelling     Hexes/Transmutation          5
Comestibles
 d - 2 beef jerkies
 f - 5 bread rations
 h - 26 fruits


   Skills:
 - Level 3.6 Fighting
 * Level 11.8 Axes
 * Level 10.7 Dodging
 * Level 12.0 Shields


You had 10 spell levels left.
You didn't know any spells.

Dungeon Overview and Level Annotations

Branches:
Dungeon (9/15)             Temple (1/1) D:7            Lair (1/8) D:9
    Orc: D:9-12

Altars:
Ashenzari
Cheibriados
Dithmenos
Elyvilon
Fedhas
Gozag
Kikubaaqudgha
Makhleb
Nemelex Xobeh
Okawaru
Pakellas
Qazlal
Ru
Sif Muna
Trog
Vehumet
Xom
Yredelemnul
Zin
The Shining One

Shops:
D:2 }

Annotations:
Lair:1 exclusion: oklob plant


Innate Abilities, Weirdness & Mutations

You reflexively headbutt those who attack you in melee.
You have a pair of horns on your head.
You cannot train Armour skill.


Message History

The 12-headed hydra bites you.
* * * LOW HITPOINT WARNING * * *
You block the 12-headed hydra's attack. The 12-headed hydra bites you.
* * * LOW HITPOINT WARNING * * *
You block the 12-headed hydra's attack.
Your +2 long sword of holy wrath softly glows with a divine radiance!
v - a +2 long sword of holy wrath (weapon)
You lop one of the 12-headed hydra's heads off!
The 11-headed hydra grows two more!
You slash the 13-headed hydra! You headbutt the 13-headed hydra.
The 13-headed hydra is lightly wounded.
The 13-headed hydra bites you but does no damage.
You block the 13-headed hydra's attack.
The 13-headed hydra bites you but does no damage.
The 13-headed hydra closely misses you.
The 13-headed hydra bites you but does no damage. x2
The 13-headed hydra closely misses you.
The 13-headed hydra bites you but does no damage.
The 13-headed hydra closely misses you. The 13-headed hydra bites you!
You die... ....#..#....... #. .†###..##.##PP###....... .r...................... r....................... rr...............................

.................................
..........D......................
#..P.>..###.####........ ........
..#...#####.###@......#..#......
..#....#.....##D....#.....#.....
..+...#.......(.....# ..........
..# .##.....##.....+ ..........
..# #.....##.....# ....#..... ..#
###P####.....# . #.$... ##
#....$# ........ ......#
#.##..... .......... .......


You could see a 13-headed hydra.

Vanquished Creatures
  Erica (D:9)
  The ghost of simples the Basher, a novice OgBe of Trog (D:5)
  Pikel (D:5)
  A komodo dragon (Lair:1)
  A troll (D:9)
  The ghost of Heedrag the Thaumaturge, a novice DECj (D:7)
  Sigmund (D:4)
  The ghost of tyranidshit the Chopper, an amateur DDFi (D:6)
  Eustachio (D:4)
  5 yaks (D:9)
  A basilisk (Lair:1)
  2 hippogriffs (Lair:1)
  2 water moccasins
  A porcupine (Lair:1)
  An ice beast (D:9)
  4 orc warriors
  2 sky beasts
  A black bear (D:6)
  4 slaves (D:5)
  2 ogres
  A necrophage (D:7)
  5 wolves (Lair:1)
  3 centaurs
  A big kobold (D:9)
  4 giant frogs
  A gnoll sergeant (D:8)
  5 scorpions
  4 howler monkeys
  3 crimson imps
  3 centaur zombies
  4 hounds
  A quasit (D:8)
  4 orc priests
  9 orc wizards
  2 iguanas
  Natasha (thrice) (D:2)
  6 worker ants
  A killer bee zombie (D:8)
  A hound skeleton (D:7)
  A worker ant zombie (D:5)
  4 gnolls (D:8)
  2 howler monkey skeletons
  11 adders
  2 river rats (Lair:1)
  A shadow imp (D:9)
  2 oozes (D:4)
  An adder zombie (D:5)
  2 worms (D:4)
  2 adder skeletons
  A dart slug (D:1)
  2 giant geckos
  63 orcs
  7 bats
  5 giant cockroaches
  7 goblins
  4 hobgoblins
  14 jackals
  4 quokkas
  4 giant newts
  9 kobolds
  8 rats
251 creatures vanquished.

Vanquished Creatures (others)
  A scorpion (D:7)
  A howler monkey (D:7)
  A fungus (Lair:1)
  3 plants (Lair:1)
6 creatures vanquished.

Grand Total: 257 creatures vanquished

Notes
Turn   | Place    | Note
--------------------------------------------------------------
     0 | D:1      | TuxedoFelix the Minotaur Fighter began the quest for the Orb.
     0 | D:1      | Reached XP level 1. HP: 19/19 MP: 0/0
   271 | D:1      | Reached XP level 2. HP: 16/26 MP: 1/1
   730 | D:1      | Reached skill level 1 in Dodging
   797 | D:2      | Found a shadowy altar of Dithmenos.
   824 | D:2      | Reached skill level 4 in Shields
  1047 | D:2      | Reached XP level 3. HP: 19/31 MP: 2/2
  1311 | D:2      | Reached XP level 4. HP: 17/39 MP: 3/3
  1351 | D:2      | Found a shimmering altar of Xom.
  1596 | D:2      | Found an oddly glowing altar of Pakellas.
  1596 | D:2      | Found Pakellas's Prime Provisions.
  1658 | D:2      | Noticed Natasha
  1663 | D:2      | Killed Natasha
  1875 | D:2      | Noticed Natasha
  1890 | D:2      | Killed Natasha
  1890 | D:2      | Reached XP level 5. HP: 25/45 MP: 4/4
  1933 | D:2      | Noticed Natasha
  1938 | D:2      | Killed Natasha
  1938 | D:2      | Reached skill level 5 in Shields
  2557 | D:3      | Found a radiant altar of Vehumet.
  2568 | D:3      | Found an iron altar of Okawaru.
  2568 | D:3      | Found a basalt altar of Yredelemnul.
  2571 | D:3      | Found a burning altar of Makhleb.
  3338 | D:4      | Noticed Eustachio
  3366 | D:4      | Killed Eustachio
  3366 | D:4      | Reached skill level 5 in Axes
  3366 | D:4      | Reached XP level 6. HP: 37/51 MP: 5/5
  3512 | D:4      | Noticed Sigmund
  3522 | D:4      | Killed Sigmund
  3522 | D:4      | Reached skill level 6 in Shields
  3522 | D:4      | Reached XP level 7. HP: 51/57 MP: 6/6
  4370 | D:4      | Reached skill level 5 in Dodging
  4389 | D:5      | Entered Level 5 of the Dungeon
  4485 | D:5      | Found a shimmering altar of Xom.
  4490 | D:5      | Noticed Pikel
  4964 | D:5      | Noticed simples's ghost (novice OgBe)
  4982 | D:5      | Killed simples's ghost
  4982 | D:5      | Reached skill level 7 in Shields
  4982 | D:5      | Reached XP level 8. HP: 25/64 MP: 7/7
  5612 | D:5      | Killed Pikel
  5612 | D:5      | Reached skill level 8 in Shields
  5837 | D:5      | Found a stormy altar of Qazlal.
  6082 | D:5      | Reached XP level 9. HP: 47/70 MP: 8/8
  6260 | D:6      | Found a shattered altar of Ashenzari.
  6311 | D:6      | Noticed tyranidshit's ghost (amateur DDFi)
  6324 | D:6      | Killed tyranidshit's ghost
  6324 | D:6      | Reached skill level 9 in Shields
  6880 | D:6      | Found a bloodstained altar of Trog.
  7837 | D:7      | Noticed Heedrag's ghost (novice DECj)
  7924 | D:7      | Killed Heedrag's ghost
  7924 | D:7      | Reached skill level 10 in Shields
  8241 | D:7      | Reached skill level 10 in Axes
  8353 | D:7      | Found a staircase to the Ecumenical Temple.
  8357 | Temple   | Entered the Ecumenical Temple
  8736 | D:7      | Found a glowing silver altar of Zin.
  9463 | D:8      | Reached XP level 10. HP: 66/77 MP: 9/9
  9502 | D:8      | Found a sacrificial altar of Ru.
  9510 | D:8      | Became a worshipper of Ru the Awakened
  9805 | D:9      | Found a staircase to the Lair.
  9988 | D:9      | Noticed Erica
 10002 | D:9      | Killed Erica
 10019 | D:9      | Reached skill level 11 in Shields
 10205 | D:9      | Found a burning altar of Makhleb.
 10205 | D:9      | Noticed a balrug
 10422 | D:9      | Reached skill level 10 in Dodging
 11078 | D:9      | Gained mutation: You cannot train Armour skill. [Ru sacrifice]
 11078 | D:9      | Reached * piety under Ru
 11136 | D:9      | Found a sacrificial altar of Ru.
 11420 | Lair:1   | Entered Level 1 of the Lair of Beasts
 11420 | Lair:1   | Noticed an oklob plant
 11659 | Lair:1   | Reached skill level 12 in Shields
 11662 | Lair:1   | Reached XP level 11. HP: 28/82 MP: 10/10
 12405 | Lair:1   | Noticed an eight-headed hydra
 12599 | Lair:1   | HP: 3/82 [12-headed hydra (2)]
 12601 | Lair:1   | Mangled by a 13-headed hydra

Skill      XL: |  1  2  3  4  5  6  7  8  9 10 |
---------------+-------------------------------+-----
Dodging        | 2 4 6 7 9 10 | 10.7
Axes           | 3 4 5 7 8 10 11 | 11.8
Shields        | 4 5 6 7 8 10 12 | 12.0
Armour         | 0 |  0.0
Fighting       | |  3.6

Action                   |  1- 3 |  4- 6 |  7- 9 | 10-12 || total
-------------------------+-------+-------+-------+-------++-------
Melee: War axe           |    64 |   127 |   323 |   286 ||   800
       Headbutt          |     5 |    18 |    65 |    46 ||   134
       Long sword        |       |       |       |     1 ||     1
Throw: Tomahawk          |       |       |       |     1 ||     1
Invok: Sacrifice Durabil |       |       |       |     1 ||     1
  Use: Scroll            |       |     7 |     6 |     8 ||    21
       Potion            |       |     1 |     4 |     3 ||     8
 Stab: Invisible         |       |       |     6 |       ||     6
  Eat: Chunk             |     1 |     7 |    13 |     3 ||    24
       Beef jerky        |       |       |     1 |       ||     1
       Pizza             |       |       |     1 |       ||     1
       Fruit             |       |       |     2 |       ||     2
       Royal jelly       |       |       |     1 |       ||     1
       Meat ration       |       |       |       |     2 ||     2
Armor: Scale mail        |    34 |    43 |    86 |     2 ||   165
       Plate armour      |       |       |       |   159 ||   159
Dodge: Dodged            |    27 |    48 |   146 |    78 ||   299
Block: Shield            |    46 |    88 |   240 |   225 ||   599
